MLB
CHICAGO WHITE SOX @ CLEVELAND GUARDIANS
08/14/2048
 
TOP OF THE 1ST
Chicago White Sox batting - Pitching for Cleveland Guardians : RHP Ben Cole
Pitching: RHP Ben Cole
Batting: RHB Dieter Knoops 0-0: Ball
1-0: Ball
2-0: Called Strike
2-1: Ball
3-1: Foul Ball, location: 2F
3-2: SOLO HOME RUN (Flyball, 7D, EV 101.9 MPH), Distance : 378 ft
Batting: LHB Sidney Pedder 0-0: Swinging Strike
0-1: Foul Ball, location: 2F
0-2: Foul Ball, location: 2F
0-2: Strikes out swinging
Batting: RHB Joseph Disepolo 0-0: Ball
1-0: Ball
2-0: Foul Ball, location: 2F
2-1: Swinging Strike
2-2: Ball
3-2: Strikes out swinging
Batting: SHB Bartholomeu Chambino 0-0: Ball
1-0: Swinging Strike
1-1: Ball
2-1: Swinging Strike
2-2: Ball
3-2: Base on Balls
Batting: RHB Brad Boals 0-0: Swinging Strike
0-1: Fielders Choice at 2nd, 6-4 (Groundball, 56, EV 92.5 MPH)
Top of the 1st over - 1 run, 1 hit, 0 errors, 1 left on base; Chicago 1 - Cleveland 0
BOTTOM OF THE 1ST
Cleveland Guardians batting - Pitching for Chicago White Sox : RHP Matt McAtee
Pitching: RHP Matt McAtee
Batting: LHB Arvin Dungca 0-0: Called Strike
0-1: Ball
1-1: SINGLE (Groundball, 34D, EV 94.4 MPH)
Batting: LHB Hector Pedroso 0-0: Ball
1-0: Ball
2-0: Ball
Arvin Dungca is caught stealing 2nd base 2-6
3-0: Base on Balls
Batting: RHB Nick Ogle 0-0: Called Strike
Hector Pedroso steals 2nd base
0-1: Foul Ball, location: 2F
0-2: Ground out 6-3 (Groundball, 56, EV 103.8 MPH)
Batting: RHB Christian Blue 0-0: Ball
1-0: Swinging Strike
1-1: Ground out 4-3 (Groundball, 34, EV 90.6 MPH)
Bottom of the 1st over - 0 runs, 1 hit, 0 errors, 1 left on base; Chicago 1 - Cleveland 0
TOP OF THE 2ND
Chicago White Sox batting - Pitching for Cleveland Guardians : RHP Ben Cole
Batting: SHB Gus Berry 0-0: Ground out U3 (Groundball, 34S, EV 78.1 MPH)
Batting: RHB Jon Solano 0-0: Called Strike
0-1: Foul Ball, location: 2F
0-2: Ground out 6-3 (Groundball, 6, EV 91.9 MPH)
Batting: LHB Angel Tellez 0-0: Foul Ball, location: 2F
0-1: Foul Ball, location: 2F
0-2: Ball
1-2: Foul Ball, location: 2F
1-2: Ground out U3 (Groundball, 34, EV 85.0 MPH)
Top of the 2nd over - 0 runs, 0 hits, 0 errors, 0 left on base; Chicago 1 - Cleveland 0
BOTTOM OF THE 2ND
Cleveland Guardians batting - Pitching for Chicago White Sox : RHP Matt McAtee
Batting: RHB Jasper Burd 0-0: Ball
1-0: Foul Ball, location: 2F
1-1: Ball
2-1: Called Strike
2-2: SINGLE (Line Drive, 56D, EV 98.8 MPH)
Batting: LHB Jack Bell 0-0: Ball
1-0: Swinging Strike
1-1: Called Strike
1-2: Foul Ball, location: 2F
1-2: Ball
2-2: Ball
3-2: Fly out, F7 (Flyball, 7LM, EV 81.2 MPH)
Batting: RHB Nick Sharp 0-0: DOUBLE (Groundball, 5L, EV 101.2 MPH)
Jasper Burd to third
Batting: RHB Rick O'Reilly 0-0: Called Strike
0-1: Ground out 6-3 (Groundball, 6, EV 77.5 MPH)
Jasper Burd scores
Nick Sharp to third
Batting: RHB Aaron Matthews 0-0: Ball
1-0: Called Strike
1-1: Ball
Balk!
Nick Sharp scores
2-1: Called Strike
2-2: Ground out U3 (Groundball, 13, EV 86.9 MPH)
Bottom of the 2nd over - 2 runs, 2 hits, 0 errors, 0 left on base; Chicago 1 - Cleveland 2
TOP OF THE 3RD
Chicago White Sox batting - Pitching for Cleveland Guardians : RHP Ben Cole
Batting: RHB Chris Cooper 0-0: Ball
1-0: Ball
2-0: Ball
3-0: Base on Balls
Batting: RHB Dieter Knoops 0-0: Ball
1-0: Called Strike
1-1: SINGLE (Groundball, 34D, EV 94.4 MPH)
Chris Cooper to second
Runner from 2nd tries for 3rd, SAFE, throw by RF made to third
Batting: LHB Sidney Pedder 0-0: Ball
1-0: Called Strike
1-1: Ball
Dieter Knoops steals 2nd base
2-1: Called Strike
2-2: Foul Ball, location: 2F
2-2: Ground out 3-1 (Groundball, 34, EV 100.6 MPH)
Chris Cooper scores
Dieter Knoops to third
Batting: RHB Joseph Disepolo 0-0: Ball
1-0: Foul Ball, location: 2F
1-1: Ball
2-1: Ball
3-1: Ground out 6-3 (Groundball, 6, EV 103.8 MPH)
Dieter Knoops scores
Batting: SHB Bartholomeu Chambino 0-0: Ball
1-0: Called Strike
1-1: Ball
2-1: Ball
3-1: Called Strike
3-2: Reached on error, E4 (Groundball, 4, EV 89.4 MPH)
Batting: RHB Brad Boals 0-0: Ball
1-0: Called Strike
1-1: Ball
2-1: Called Strike
2-2: Ground out U3 (Groundball, 34, EV 87.5 MPH)
Top of the 3rd over - 2 runs, 1 hit, 1 error, 1 left on base; Chicago 3 - Cleveland 2
BOTTOM OF THE 3RD
Cleveland Guardians batting - Pitching for Chicago White Sox : RHP Matt McAtee
Batting: LHB Arvin Dungca 0-0: Hit by Pitch
Batting: LHB Hector Pedroso 0-0: Ground out 4-3 (Groundball, 4S, EV 66.9 MPH)
Arvin Dungca to second
Batting: RHB Nick Ogle 0-0: Ball
1-0: Ball
2-0: Reached on error, E6 (Groundball, 6, EV 85.6 MPH)
Arvin Dungca to third
Batting: RHB Christian Blue 0-0: Foul Ball, location: 2F
0-1: Called Strike
0-2: Fly out, F7 (Flyball, 7, EV 86.2 MPH)
Runner from 3rd tags up, SCORES, no throw by LF
Batting: RHB Jasper Burd 0-0: Swinging Strike
0-1: Called Strike
0-2: Foul Ball, location: 2F
0-2: Strikes out swinging
Bottom of the 3rd over - 1 run, 0 hits, 1 error, 1 left on base; Chicago 3 - Cleveland 3
TOP OF THE 4TH
Chicago White Sox batting - Pitching for Cleveland Guardians : RHP Ben Cole
Batting: SHB Gus Berry 0-0: Called Strike
0-1: Fly out, F8 (Flyball, 8RD, EV 97.5 MPH)
Batting: RHB Jon Solano 0-0: Called Strike
0-1: Ball
1-1: Ball
2-1: Ball
3-1: Swinging Strike
3-2: Ground out 4-3 (Groundball, 4S, EV 86.9 MPH)
Batting: LHB Angel Tellez 0-0: SINGLE (Groundball, 6D, EV 102.5 MPH)
Batting: RHB Chris Cooper 0-0: Ball
1-0: Ball
2-0: Ball
3-0: Base on Balls
Angel Tellez to second
Batting: RHB Dieter Knoops 0-0: Ball
Wild Pitch!
Angel Tellez to third
Chris Cooper to second
1-0: Foul Ball, location: 2F
1-1: Swinging Strike
1-2: Foul Ball, location: 2F
1-2: Ball
2-2: Fly out, F8 (Line Drive, 8RD, EV 84.4 MPH)
Top of the 4th over - 0 runs, 1 hit, 0 errors, 2 left on base; Chicago 3 - Cleveland 3
BOTTOM OF THE 4TH
Cleveland Guardians batting - Pitching for Chicago White Sox : RHP Matt McAtee
Batting: LHB Jack Bell 0-0: Ball
1-0: Fly out, F7 (Flyball, 78D, EV 89.4 MPH)
Batting: RHB Nick Sharp 0-0: Foul Ball, location: 2F
0-1: Foul Ball, location: 2F
0-2: Foul Ball, location: 2F
0-2: Foul Ball, location: 2F
0-2: Fly out, F9 (Line Drive, 9S, EV 105.6 MPH)
Batting: RHB Rick O'Reilly 0-0: Ground out 6-3 (Groundball, 6, EV 89.4 MPH)
Bottom of the 4th over - 0 runs, 0 hits, 0 errors, 0 left on base; Chicago 3 - Cleveland 3
TOP OF THE 5TH
Chicago White Sox batting - Pitching for Cleveland Guardians : RHP Ben Cole
Batting: LHB Sidney Pedder 0-0: Called Strike
0-1: Swinging Strike
0-2: Fly out, F9 (Flyball, 9S, EV 90.6 MPH)
Batting: RHB Joseph Disepolo 0-0: Foul Ball, location: 2F
0-1: Ball
1-1: Ground out 4-3 (Groundball, 4, EV 82.5 MPH)
Batting: SHB Bartholomeu Chambino 0-0: Foul Ball, location: 2F
0-1: Called Strike
0-2: Ball
1-2: Foul Ball, location: 2F
1-2: Strikes out swinging
Top of the 5th over - 0 runs, 0 hits, 0 errors, 0 left on base; Chicago 3 - Cleveland 3
BOTTOM OF THE 5TH
Cleveland Guardians batting - Pitching for Chicago White Sox : RHP Matt McAtee
Batting: RHB Aaron Matthews 0-0: Ball
1-0: Called Strike
1-1: Ball
2-1: SINGLE (Groundball, 6MD, EV 104.4 MPH)
Batting: LHB Arvin Dungca 0-0: Ball
1-0: DOUBLE (Line Drive, 89D, EV 113.1 MPH)
Aaron Matthews to third
Batting: LHB Hector Pedroso 0-0: Ball
1-0: Ball
2-0: Ball
3-0: Called Strike
3-1: Foul Ball, location: 2F
3-2: SINGLE (Groundball, 4M, EV 100.6 MPH)
Aaron Matthews scores
Arvin Dungca to third
Runner from 3rd tries for Home, SAFE, throw by CF to home
Pitching: RHP Allen Speidel
Batting: RHB Nick Ogle 0-0: Called Strike
0-1: Fly out, F9 (Line Drive, 9LS, EV 96.2 MPH)
Batting: RHB Christian Blue
DELAY Rain delay of 63 minutes in the 5th inning.
0-0: Ball
1-0: Swinging Strike
1-1: Called Strike
Hector Pedroso steals 2nd base
1-2: Foul Ball, location: 2F
1-2: Ball
2-2: Ball
3-2: Strikes out looking
Batting: RHB Jasper Burd 0-0: Ground out 4-3 (Groundball, 34, EV 102.5 MPH)
Bottom of the 5th over - 2 runs, 3 hits, 0 errors, 1 left on base; Chicago 3 - Cleveland 5
TOP OF THE 6TH
Chicago White Sox batting - Pitching for Cleveland Guardians : RHP Ben Cole
Pitching: RHP Dennis Beals
Batting: RHB Brad Boals 0-0: Ball
1-0: Swinging Strike
1-1: Ball
2-1: Foul Ball, location: 2F
2-2: Foul Ball, location: 2F
2-2: Strikes out looking
Batting: SHB Gus Berry 0-0: Ball
1-0: Swinging Strike
1-1: Called Strike
1-2: Strikes out swinging
Batting: RHB Jon Solano 0-0: SINGLE (Groundball, 6D, EV 98.8 MPH)
Batting: LHB Angel Tellez 0-0: Called Strike
0-1: Foul Ball, location: 2F
0-2: SINGLE (Line Drive, 8RS, EV 98.8 MPH)
Jon Solano to second
Batting: RHB Chris Cooper 0-0: Ball
1-0: Called Strike
1-1: Called Strike
1-2: Foul Ball, location: 2F
1-2: Strikes out swinging
Top of the 6th over - 0 runs, 2 hits, 0 errors, 2 left on base; Chicago 3 - Cleveland 5
BOTTOM OF THE 6TH
Cleveland Guardians batting - Pitching for Chicago White Sox : RHP Allen Speidel
Batting: LHB Jack Bell 0-0: Foul Ball, location: 2F
0-1: Ball
1-1: Ball
2-1: Swinging Strike
2-2: Ball
3-2: Base on Balls
Pitching: RHP Alfie Bungledorf
Batting: RHB Nick Sharp 0-0: Ball
1-0: Foul Ball, location: 2F
1-1: Called Strike
1-2: Strikes out looking
Batting: RHB Rick O'Reilly 0-0: Ground out 6-3 (Groundball, 6MS, EV 83.1 MPH)
Jack Bell to second
Batting: RHB Aaron Matthews 0-0: Swinging Strike
0-1: Ball
1-1: Ball
2-1: Ball
3-1: Ground out 6-3 (Groundball, P, EV 85.6 MPH)
Bottom of the 6th over - 0 runs, 0 hits, 0 errors, 1 left on base; Chicago 3 - Cleveland 5
TOP OF THE 7TH
Chicago White Sox batting - Pitching for Cleveland Guardians : RHP Dennis Beals
Now at 2B: Danny Eberhart
Batting: RHB Dieter Knoops 0-0: Ball
1-0: Ball
2-0: Ball
3-0: Called Strike
3-1: Base on Balls
Batting: LHB Sidney Pedder 0-0: Ball
1-0: Called Strike
1-1: Called Strike
1-2: Foul Ball, location: 2F
1-2: Foul Ball, location: 2F
1-2: Foul Ball, location: 2F
1-2: Ball
2-2: Ball
3-2: Base on Balls
Dieter Knoops to second
Batting: RHB Joseph Disepolo 0-0: Foul Ball, location: 2F
0-1: Ball
1-1: Called Strike
1-2: Ball
2-2: Strikes out swinging
Batting: SHB Bartholomeu Chambino 0-0: Fly out, F8 (Line Drive, 8RM, EV 96.9 MPH)
Batting: RHB Brad Boals 0-0: Called Strike
0-1: Ground out 5-3 (Groundball, 5S, EV 71.9 MPH)
Top of the 7th over - 0 runs, 0 hits, 0 errors, 2 left on base; Chicago 3 - Cleveland 5
BOTTOM OF THE 7TH
Cleveland Guardians batting - Pitching for Chicago White Sox : RHP Alfie Bungledorf
Batting: LHB Arvin Dungca 0-0: Ball
1-0: Foul Ball, location: 2F
1-1: Ball
2-1: Ball
3-1: Foul Ball, location: 2F
3-2: Ground out 4-3 (Groundball, 4, EV 81.2 MPH)
Batting: LHB Hector Pedroso 0-0: Called Strike
0-1: Ball
1-1: Foul Ball, location: 2F
1-2: Ground out U3 (Groundball, 34, EV 82.5 MPH)
Batting: RHB Nick Ogle 0-0: Ball
1-0: Ball
2-0: Swinging Strike
2-1: Foul Ball, location: 2F
2-2: Strikes out looking
Bottom of the 7th over - 0 runs, 0 hits, 0 errors, 0 left on base; Chicago 3 - Cleveland 5
TOP OF THE 8TH
Chicago White Sox batting - Pitching for Cleveland Guardians : RHP Dennis Beals
Pitching: RHP Paul Lewis
Batting: SHB Gus Berry 0-0: Called Strike
0-1: Swinging Strike
0-2: Strikes out swinging
Batting: RHB Jon Solano 0-0: Called Strike
0-1: Foul Ball, location: 2F
0-2: Strikes out looking
Batting: LHB Angel Tellez 0-0: Foul Ball, location: 2F
0-1: Ball
1-1: Called Strike
1-2: Ground out 2-3 (Groundball, 2L, EV 69.4 MPH)
Top of the 8th over - 0 runs, 0 hits, 0 errors, 0 left on base; Chicago 3 - Cleveland 5
BOTTOM OF THE 8TH
Cleveland Guardians batting - Pitching for Chicago White Sox : RHP Alfie Bungledorf
Batting: RHB Christian Blue 0-0: Called Strike
0-1: Ball
1-1: Ball
2-1: Foul Ball, location: 2F
2-2: SINGLE (Line Drive, 8LS, EV 96.2 MPH)
Batting: RHB Danny Eberhart 0-0: Called Strike
0-1: Ball
1-1: Foul Ball, location: 2F
1-2: Ball
2-2: Foul Ball, location: 2F
2-2: Foul Ball, location: 2F
2-2: Foul Ball, location: 2F
2-2: Foul Ball, location: 2F
2-2: Grounds into double play, 1-4-3 (Groundball, 15S, EV 74.4 MPH)
Batting: LHB Jack Bell 0-0: SINGLE (Groundball, 25, EV 71.2 MPH) (infield hit)
Pitching: RHP Ryan Columbo
Batting: RHB Nick Sharp 0-0: Ball
Jack Bell steals 2nd base
1-0: Swinging Strike
1-1: Ball
2-1: Foul Ball, location: 2F
2-2: Ball
3-2: Base on Balls
Batting: RHB Rick O'Reilly 0-0: Called Strike
0-1: Ball
1-1: Foul Ball, location: 2F
1-2: Ball
2-2: Strikes out swinging
Bottom of the 8th over - 0 runs, 2 hits, 0 errors, 2 left on base; Chicago 3 - Cleveland 5
TOP OF THE 9TH
Chicago White Sox batting - Pitching for Cleveland Guardians : RHP Paul Lewis
Pitching: LHP Katsumi Omura
Batting: RHB Chris Cooper 0-0: Called Strike
0-1: Fly out, F8 (Flyball, 8LS, EV 88.1 MPH)
Batting: RHB Dieter Knoops 0-0: Called Strike
0-1: SINGLE (Groundball, 4S, EV 74.4 MPH) (infield hit)
Batting: LHB Sidney Pedder 0-0: Called Strike
0-1: Foul Ball, location: 2F
0-2: Ball
1-2: Foul Ball, location: 2F
1-2: Ball
2-2: TRIPLE (Groundball, 3L, EV 108.1 MPH)
Dieter Knoops scores
Batting: RHB Joseph Disepolo 0-0: Ball
1-0: Ball
2-0: Foul Ball, location: 2F
2-1: Foul Ball, location: 2F
2-2: Foul Ball, location: 2F
2-2: SINGLE (Flyball, 56D, EV 95.0 MPH)
Sidney Pedder scores
Batting: SHB Bartholomeu Chambino 0-0: Ball
1-0: Ball
2-0: Called Strike
2-1: Ball
3-1: Called Strike
3-2: Strikes out swinging
Batting: RHB Brad Boals 0-0: Called Strike
0-1: Ball
1-1: Ball
2-1: Foul Ball, location: 2F
2-2: SINGLE (Line Drive, 78M, EV 94.4 MPH)
Joseph Disepolo to second
Batting: SHB Gus Berry 0-0: Ball
1-0: SINGLE (Flyball, 78S, EV 96.9 MPH)
Joseph Disepolo to third
Brad Boals to second
Runner from 3rd tries for Home, SAFE, throw by LF to home
Batting: RHB Jon Solano 0-0: Ball
1-0: Ball
2-0: Ball
3-0: Base on Balls
Brad Boals to third
Gus Berry to second
Batting: RHB Leo Navarro 0-0: Swinging Strike
0-1: Swinging Strike
0-2: Strikes out swinging
Top of the 9th over - 3 runs, 5 hits, 0 errors, 3 left on base; Chicago 6 - Cleveland 5
BOTTOM OF THE 9TH
Cleveland Guardians batting - Pitching for Chicago White Sox : RHP Ryan Columbo
Pitching: RHP Jacob Taylor
Pinch Hitting: LHB Brent Albertson 0-0: Called Strike
0-1: Ball
1-1: Foul Ball, location: 2F
1-2: Ball
2-2: Ball
3-2: Fly out, F7 (Flyball, 7, EV 81.2 MPH)
Batting: LHB Arvin Dungca 0-0: Called Strike
0-1: Foul Ball, location: 2F
0-2: Foul Ball, location: 2F
0-2: Ball
1-2: Ball
2-2: Strikes out swinging
Batting: LHB Hector Pedroso 0-0: Called Strike
0-1: Swinging Strike
0-2: Foul Ball, location: 2F
0-2: Ball
1-2: Fly out, F4 (Popup, 4, EV 66.2 MPH)
Bottom of the 9th over - 0 runs, 0 hits, 0 errors, 0 left on base; Chicago 6 - Cleveland 5
Tuesday, March 28th , 2023 - OOTP Baseball 23.10 Build 110